 Dungeon Crawl Stone Soup version 0.26.0-45-g9c1d065592 (webtiles) character file.

Game seed: 13966878387637482363

49 kaeus the Sneak (level 3, -4/23 HPs)
             Began as an Octopode Enchanter on Jan 29, 2021.
             Killed from afar by an orc wizard (9 damage)
             ... with a magic dart
             ... on level 2 of the Dungeon.
             The game lasted 00:00:50 (1279 turns).

kaeus the Sneak (Octopode Enchanter)                Turns: 1279, Time: 00:00:51

Health: -4/23      AC:  1    Str:  7    XL:     3   Next: 77%
Magic:  6/6        EV: 13    Int: 17    God:
Gold:   59         SH:  0    Dex: 13    Spells: 5/6 levels left

rFire    . . .     SeeInvis .   g - +1 dagger (venom)
rCold    . . .     Faith    .   (no shield)
rNeg     . . .     Spirit   .   (helmet restricted)
rPois    .         Reflect  .   (no amulet)
rElec    .         Harm     .   (no ring)
rCorr    .         Rampage  .   (no ring)
Will     .....                  (no ring)
Stlth    ++++......             (no ring)
HPRegen  0.07/turn              (no ring)
MPRegen  0.10/turn              (no ring)
                                (no ring)
                                (no ring)

@: no status effects
A: almost no armour, stealthy swim, amphibious, 8 rings, constrict 8, camouflage
1, gelatinous body 1
a: no special abilities


You were on level 2 of the Dungeon.
You visited 1 branch of the dungeon, and saw 2 of its levels.

You collected 59 gold pieces.

Inventory:

Hand Weapons
 g - a +1 dagger of venom (weapon)
Scrolls
 b - a scroll of teleportation {unknown}
 c - a scroll of identify {unknown}
 d - 2 scrolls of remove curse {unknown}
 e - a scroll of fog {unknown}
Potions
 a - a potion of mutation {unknown}
 f - 2 potions of attraction {unknown}


   Skills:
 + Level 1.0 Fighting
 + Level 1.8 Short Blades
 + Level 2.3 Dodging
 + Level 4.4 Stealth
 + Level 2.3 Spellcasting
 + Level 3.3 Hexes


You had 5 spell levels left.
You knew the following spells:

 Your Spells              Type           Power        Failure   Level
a - Corona                Hex            14%          4%          1

Your spell library contained the following spells:

 Spells                   Type           Power        Failure   Level
 Ensorcelled Hibernation  Hex/Ice        14%          14%         2
 Confusing Touch          Hex            13%          14%         3
 Tukima's Dance           Hex            13%          14%         3
 Dazzling Flash           Conj/Hex       14%          28%         3


Dungeon Overview and Level Annotations

Branches:
Dungeon (2/15)

Altars:
Okawaru


Innate Abilities, Weirdness & Mutations

You cannot wear most types of armour.
You are very stealthy in the water. (Stealth+)
You are amphibious.
You can wear up to eight rings at the same time.
You can use your tentacles to constrict eight enemies at once.
Your skin changes colour to match your surroundings (Stealth+).
Your rubbery body absorbs attacks. (AC +1, EV +1)


Message History

You hit the frilled lizard.
You kill the frilled lizard!
You see here a frilled lizard corpse.
The orc wizard shouts!
You hear a shout!
An orc comes into view.
You hear a shout! x2
A worm, a giant cockroach and 2 orcs come into view.
An orc priest comes into view. It is wielding a +0 whip.
The giant cockroach moves out of view.
You barely miss the orc wizard. Your grab misses the orc wizard.
The orc wizard hits you with a cursed +0 dagger.
The orc closely misses you.
The orc priest invokes the aid of Beogh against you.
Beogh smites you!
Ouch! That really hurt!
* * * LOW HITPOINT WARNING * * *
You take 18 damage, and have 5/23 hp.
MASSIVE DAMAGE!!
The orc wizard gestures at you while chanting.
The magic dart hits you!
You die...

.... .... ...
♣.. ♣♣.o ...
♣♣ #o###.#
#oo.†.#
####@## #.#
#.# #.#
############.#
#............#
#.############
#.# #.#


You could see an orc priest, an orc wizard and an orc.

Vanquished Creatures
  An adder (D:2)
  An ooze (D:2)
  A worm (D:2)
  2 dart slugs (D:1)
  3 giant cockroaches
  2 goblins
  3 hobgoblins
  3 jackals (D:2)
  5 kobolds
  2 bats
  4 frilled lizards
  A rat (D:1)
28 creatures vanquished.

Notes
Turn   | Place    | Note
-------+----------+-------------------------------------------
     0 | D:1      | kaeus the Octopode Enchanter began the quest for the Orb.
     0 | D:1      | Reached XP level 1. HP: 11/11 MP: 3/3
   185 | D:1      | Reached XP level 2. HP: 17/17 MP: 5/5
   650 | D:1      | Found an iron altar of Okawaru.
   813 | D:2      | Reached XP level 3. HP: 13/22 MP: 6/6
  1237 | D:2      | Reached skill level 1 in Fighting
  1279 | D:2      | Killed from afar by an orc wizard

Illustrated notes

Levels and vault maps discovered:
D:1:      lightli_arrival_noodles, layout_loops_ring, minivault_4,
          serial_bayou_pond_e, okawaru_ov_weapons_minmay
D:2:      layout_loops_ring, fedhas_altar_fruit_tree

Skill      XL: |  1  2  3 |
---------------+----------+-----
Fighting       | 1 |  1.0
Short Blades   | |  1.8
Dodging        | |  2.3
Stealth        | |  4.4
Spellcasting   | |  2.3
Hexes          | |  3.3

Action                   || total
-------------------------++-------
Melee: Dagger            ||    55
       Constrict         ||     9
       Tentacles         ||     8
 Stab: Sleeping          ||    12
Armor: Skin              ||     2
Dodge: Dodged            ||    17
